[Event "36th National Sub Junior 2019"]
[Site "Tiruchengode"]
[Date "2019.07.09"]
[Round "1.1"]
[White "Stepheena S"]
[Black "Divya Deshmukh"]
[Result "0-1"]
[ECO "B01"]
[WhiteElo "1230"]
[BlackElo "2373"]
[Annotator "NA"]
[PlyCount "78"]
[EventDate "2019.07.09"]
[EventCountry "IND"]
[SourceTitle "playchess.com"]
[Source "ChessBase"]
[SourceQuality "1"]
[TimeControl "5400+30"]

1. e4 d5 2. exd5 Nf6 3. d4 Bg4 4. Nf3 Qxd5 5. Nc3 Qf5 6. Be2 Nc6 7. a3 O-O-O 8. Be3 Bxf3 9. gxf3 e6 10. f4 a6 11. Qd2 Qh3 12. O-O-O Bc5 13. Bf1 Qh4 14. Ne2 Bb6 15. Bg2 Ne7 16. Ng3 Ng6 17. Ne4 Nxe4 18. Bxe4 Nxf4 19. Bxf4 Rxd4 20. Bxb7+ Kxb7 21. Bg3 Qh5 22. Qc3 Rhd8 23. Rxd4 Rxd4 24. Bxc7 Qd5 25. Rg1 Bxc7 26. h3 Bh2 27. Re1 Bf4+ 28. Kb1 Bd2 29. Qb3+ Qxb3 30. cxb3 Bxe1 31. f3 Rd3 32. Kc2 Rxf3 33. h4 Bxh4 34. b4 g5 35. a4 g4 36. b5 axb5 37. axb5 g3 38. b3 g2 39. b4 g1=Q 0-1

[Event "36th National Sub Junior 2019"]
[Site "Tiruchengode"]
[Date "2019.07.09"]
[Round "1.2"]
[White "Jain Nityata"]
[Black "Vaishnavi Badasheshi"]
[Result "1-0"]
[ECO "C45"]
[WhiteElo "2135"]
[BlackElo "1201"]
[Annotator "NA"]
[PlyCount "65"]
[EventDate "2019.07.09"]
[EventCountry "IND"]
[SourceTitle "playchess.com"]
[Source "ChessBase"]
[SourceQuality "1"]
[TimeControl "5400+30"]

1. e4 e5 2. Nf3 Nc6 3. d4 exd4 4. Nxd4 Bc5 5. Be3 Bb6 6. Bc4 d6 7. Nc3 Nf6 8. f3 h6 9. Qd2 O-O 10. O-O-O Ne5 11. Be2 Re8 12. g4 Nh7 13. Rhg1 a5 14. Kb1 Bd7 15. Rg2 Bc5 16. Rdg1 c6 17. g5 hxg5 18. Bxg5 Nxg5 19. Rxg5 Ng6 20. Bc4 Kf8 21. Bxf7 Kxf7 22. Rxg6 Rg8 23. Qf4+ Ke8 24. Rxg7 Rf8 25. Nf5 Bxf5 26. exf5 d5 27. Re1+ Be7 28. f6 Kd7 29. Rexe7+ Kc8 30. Rc7+ Kb8 31. Rxb7+ Kc8 32. Rgc7+ Qxc7 33. Qxc7# 1-0

[Event "36th National Sub Junior 2019"]
[Site "Tiruchengode"]
[Date "2019.07.09"]
[Round "1.3"]
[White "Yamijala Koulini"]
[Black "Mrudul Dehankar"]
[Result "0-1"]
[ECO "B92"]
[WhiteElo "1200"]
[BlackElo "2074"]
[Annotator "NA"]
[PlyCount "62"]
[EventDate "2019.07.09"]
[EventCountry "IND"]
[SourceTitle "playchess.com"]
[Source "ChessBase"]
[SourceQuality "1"]
[TimeControl "5400+30"]

1. e4 c5 2. Nf3 d6 3. d4 cxd4 4. Nxd4 Nf6 5. Nc3 a6 6. Be3 e5 7. Nb3 Be6 8. Be2 Nbd7 9. O-O b5 10. f3 Nb6 11. Qd2 Be7 12. Rad1 b4 13. Nd5 Nfxd5 14. exd5 Nxd5 15. Bf2 Nf4 16. Bg3 Nxe2+ 17. Qxe2 Qc7 18. Qe4 O-O 19. Qxb4 a5 20. Qe4 f5 21. Qe1 Bc4 22. Qd2 a4 23. Nc1 Bxf1 24. Kxf1 Rfc8 25. c3 Qc4+ 26. Ne2 Qxa2 27. Nc1 Qc4+ 28. Qd3 Rab8 29. Qxc4+ Rxc4 30. Rd2 Bg5 31. Rc2 a3 0-1

[Event "36th National Sub Junior 2019"]
[Site "Tiruchengode"]
[Date "2019.07.09"]
[Round "1.4"]
[White "Jyothsna L"]
[Black "Rakghitha S M R"]
[Result "1-0"]
[ECO "D36"]
[WhiteElo "1939"]
[BlackElo "1198"]
[Annotator "NA"]
[PlyCount "66"]
[EventDate "2019.07.09"]
[EventCountry "IND"]
[SourceTitle "playchess.com"]
[Source "ChessBase"]
[SourceQuality "1"]
[TimeControl "5400+30"]

1. d4 d5 2. c4 c6 3. Nc3 e6 4. cxd5 exd5 5. Qc2 Bd6 6. Nf3 Nf6 7. Bg5 Nbd7 8. e3 O-O 9. Bd3 Qc7 10. O-O h6 11. Bh4 b6 12. Rac1 a6 13. Bf5 Bb7 14. Bxd7 Qxd7 15. Na4 Bc7 16. Qb3 Qd8 17. Ne5 g5 18. Bg3 Ne4 19. Qd1 c5 20. Ng4 h5 21. Nh6+ Kg7 22. Qxh5 Qd7 23. Bxc7 Rh8 24. Qxf7+ Qxf7 25. Nxf7 Kxf7 26. Nxb6 Rae8 27. dxc5 Rh6 28. b4 Reh8 29. Rfd1 g4 30. Bf4 Rh5 31. c6 g3 32. Bxg3 Nxg3 33. fxg3 Ke8 1-0

[Event "36th National Sub Junior 2019"]
[Site "Tiruchengode"]
[Date "2019.07.09"]
[Round "1.5"]
[White "Kapila R"]
[Black "Dhyana Patel"]
[Result "0-1"]
[ECO "A37"]
[WhiteElo "1197"]
[BlackElo "1900"]
[Annotator "NA"]
[PlyCount "104"]
[EventDate "2019.07.09"]
[EventCountry "IND"]
[SourceTitle "playchess.com"]
[Source "ChessBase"]
[SourceQuality "1"]
[TimeControl "5400+30"]

1. c4 c5 2. Nc3 Nc6 3. Nf3 g6 4. g3 Bg7 5. Bg2 e6 6. e3 Nge7 7. O-O O-O 8. d3 d5 9. cxd5 exd5 10. d4 cxd4 11. Nxd4 Nxd4 12. exd4 Be6 13. Be3 Qd7 14. Qb3 Rfd8 15. Rfd1 h6 16. Ne2 Bg4 17. f3 Be6 18. Rac1 Rac8 19. Rc3 Rxc3 20. Nxc3 Rc8 21. Ne2 b6 22. Qb4 Nf5 23. Bf2 Nd6 24. b3 Rc2 25. Qe1 Rxa2 26. Nc3 Rb2 27. Rb1 Rxb1 28. Qxb1 Qc6 29. Qa1 Nf5 30. Ne2 a5 31. Qd1 b5 32. Qd2 b4 33. g4 Nd6 34. Be3 Kh7 35. Qa2 Qb6 36. h4 Nb5 37. Qd2 Qc6 38. h5 g5 39. Qd3+ Kg8 40. Bd2 Na3 41. Bc1 Qc2 42. Qe3 Qd1+ 43. Kf2 Nc2 44. Qd2 Qxd2 45. Bxd2 Nxd4 46. Nxd4 Bxd4+ 47. Ke2 Bc3 48. Bc1 d4 49. f4 f6 50. Bf3 Bxb3 51. Kd3 a4 52. f5 a3 0-1

[Event "36th National Sub Junior 2019"]
[Site "Tiruchengode"]
[Date "2019.07.10"]
[Round "2.1"]
[White "Divya Deshmukh"]
[Black "Swara Lakshmi S Nair"]
[Result "1-0"]
[ECO "B99"]
[WhiteElo "2373"]
[BlackElo "1450"]
[Annotator "ChessBase"]
[PlyCount "65"]
[EventDate "2019.07.09"]
[EventCountry "IND"]
[SourceTitle "playchess.com"]
[Source "ChessBase"]
[SourceQuality "1"]
[TimeControl "5400+30"]

1. e4 c5 2. Nf3 d6 3. d4 cxd4 4. Nxd4 Nf6 5. Nc3 a6 6. Bg5 e6 7. f4 h6 8. Bh4 Be7 9. Qf3 Qc7 10. O-O-O Nbd7 11. g4 g5 12. e5 gxh4 13. exf6 Bxf6 14. Bg2 Nc5 15. Rhe1 Bd7 16. Nd5 Qd8 17. Nf5 Bc6 18. Nxf6+ Qxf6 19. Nxd6+ Ke7 20. Qe3 Na4 21. Nf5+ Kf8 22. Qa3+ Kg8 23. Ne7+ Kg7 24. Nxc6 Qxf4+ 25. Kb1 bxc6 26. Bxc6 Nb6 27. Bxa8 Rxa8 28. Rf1 Qxh2 29. Qe7 Rf8 30. Rd8 Rxd8 31. Rxf7+ Kg8 32. Rg7+ Kh8 33. Rh7+ 1-0

[Event "36th National Sub Junior 2019"]
[Site "Tiruchengode"]
[Date "2019.07.10"]
[Round "2.2"]
[White "Femil Chelladurai"]
[Black "Jain Nityata"]
[Result "0-1"]
[ECO "C42"]
[WhiteElo "1446"]
[BlackElo "2135"]
[Annotator "NA"]
[PlyCount "94"]
[EventDate "2019.07.09"]
[EventCountry "IND"]
[SourceTitle "playchess.com"]
[Source "ChessBase"]
[SourceQuality "1"]
[TimeControl "5400+30"]

1. e4 e5 2. Nf3 Nf6 3. Nxe5 d6 4. Nf3 Nxe4 5. d3 Nf6 6. Be2 Nc6 7. Be3 Bf5 8. Nbd2 d5 9. Nb3 Bd6 10. O-O h6 11. Re1 O-O 12. Nh4 $11 Bh7 13. f4 d4 14. Bd2 Nd5 15. Nf3 Nxf4 16. Nbxd4 Nxd4 17. Nxd4 Bc5 18. Bxf4 Qxd4+ 19. Kh1 Qxf4 20. Rf1 Qe5 21. c3 Bd6 22. g3 Qd5+ 23. Kg1 Bc5+ 24. d4 Bb6 25. Rf4 Be4 26. Qf1 Rae8 27. Bc4 Qd7 28. a4 c6 29. b4 Bd5 30. Bd3 Bc7 31. Rf2 Re7 32. Bf5 Be6 33. Be4 Bh3 34. Qd3 Rfe8 35. Bg2 Re1+ 36. Rxe1 Rxe1+ 37. Rf1 Rxf1+ 38. Qxf1 Bxg2 39. Kxg2 Qd5+ 40. Kg1 a5 41. b5 cxb5 42. axb5 a4 43. Qd3 Bb6 44. c4 Qxd4+ 45. Qxd4 Bxd4+ 46. Kg2 a3 47. Kf3 a2 0-1

[Event "36th National Sub Junior 2019"]
[Site "Tiruchengode"]
[Date "2019.07.10"]
[Round "2.3"]
[White "Mrudul Dehankar"]
[Black "Mishra Riya"]
[Result "1-0"]
[ECO "C28"]
[WhiteElo "2074"]
[BlackElo "1430"]
[Annotator "NA"]
[PlyCount "67"]
[EventDate "2019.07.09"]
[EventCountry "IND"]
[SourceTitle "playchess.com"]
[Source "ChessBase"]
[SourceQuality "1"]
[TimeControl "5400+30"]

1. e4 e5 2. Nc3 Nc6 3. Bc4 Nf6 4. d3 Bc5 5. f4 exf4 6. Bxf4 Bxg1 7. Rxg1 d6 8. Qd2 Be6 9. Bb3 Bxb3 10. axb3 Qd7 11. Bg5 Ng8 12. Nd5 f6 13. Bh4 O-O-O 14. b4 Qg4 15. Bf2 a6 16. c4 Ne5 17. b5 Kd7 18. bxa6 bxa6 19. Rxa6 Ne7 20. Nxc7 N7c6 21. Nd5 Rb8 22. Nb6+ Ke7 23. h3 Qe6 24. Kd1 Rb7 25. Kc2 Rhb8 26. b3 Nd7 27. Nd5+ Kf7 28. Rxc6 Rxb3 29. Bd4 Nc5 30. Rc7+ Kf8 31. Nf4 Qe8 32. Ra1 Nxe4 33. Qe1 d5 34. Nxd5 1-0

[Event "36th National Sub Junior 2019"]
[Site "Tiruchengode"]
[Date "2019.07.10"]
[Round "2.4"]
[White "Sanjana Raghunath"]
[Black "Jyothsna L"]
[Result "0-1"]
[ECO "A41"]
[WhiteElo "1427"]
[BlackElo "1939"]
[Annotator "NA"]
[PlyCount "136"]
[EventDate "2019.07.09"]
[EventCountry "IND"]
[SourceTitle "playchess.com"]
[Source "ChessBase"]
[SourceQuality "1"]
[TimeControl "5400+30"]

1. d4 d6 2. Bf4 f5 3. Nc3 Nf6 4. f3 Nh5 5. Bg5 h6 6. Bh4 Nf4 7. e4 Ng6 8. Bf2 e6 9. exf5 exf5 10. Bc4 c6 11. d5 c5 12. Bg3 Be7 13. Qe2 O-O 14. f4 a6 15. a4 Re8 16. Qd2 Qb6 17. Nge2 Nd7 18. O-O Nf6 19. a5 Qc7 20. Bf2 Bd7 21. Ng3 Ng4 22. h3 Nxf2 23. Qxf2 Bf6 24. Qd2 Bd4+ 25. Kh1 Be3 26. Qd3 Nxf4 27. Qd1 Qd8 28. Rf3 Qh4 29. Nf1 Bd4 30. Qd2 Ng6 31. Bd3 Ne5 32. Rf4 Qg5 33. h4 Qf6 34. Bxf5 Bxf5 35. Ng3 Ng6 36. Nxf5 Nxf4 37. Qxf4 Rf8 38. Rf1 Bxc3 39. bxc3 Rae8 40. Qg4 Kh7 41. Rf3 Qg6 42. Qh3 Re5 43. h5 Qg5 44. Nxd6 Rxf3 45. Qxf3 Re1+ 46. Kh2 Qe5+ 47. g3 Qxd6 48. Qf5+ Kg8 49. Qc8+ Qf8 50. Qxf8+ Kxf8 51. g4 Re2+ 52. Kg3 Rxc2 53. Kf4 Rxc3 54. Ke5 Ke7 55. d6+ Kd7 56. Kd5 Rc1 57. Ke5 Rd1 58. g5 hxg5 59. h6 gxh6 60. Kf6 c4 61. Kg6 Rxd6+ 62. Kh5 c3 63. Kg4 c2 64. Kh5 c1=Q 65. Kg4 Qf4+ 66. Kh3 b6 67. Kg2 Rd2+ 68. Kh3 Qh4# 0-1

[Event "36th National Sub Junior 2019"]
[Site "Tiruchengode"]
[Date "2019.07.10"]
[Round "2.5"]
[White "Dhyana Patel"]
[Black "Tejaswi R"]
[Result "1-0"]
[ECO "B52"]
[WhiteElo "1900"]
[BlackElo "1426"]
[Annotator "NA"]
[PlyCount "71"]
[EventDate "2019.07.09"]
[EventCountry "IND"]
[SourceTitle "playchess.com"]
[Source "ChessBase"]
[SourceQuality "1"]
[TimeControl "5400+30"]

1. e4 c5 2. Nf3 d6 3. Bb5+ Bd7 4. Bxd7+ Nxd7 5. d4 cxd4 6. Qxd4 Ngf6 7. O-O g6 8. Nc3 Bg7 9. Bg5 O-O 10. Qd2 Qb6 11. Rab1 Nc5 12. Rfe1 Rfd8 13. Nd5 Nxd5 14. exd5 f6 15. Bh6 Qc7 16. Bxg7 Kxg7 17. b4 Na4 18. Nd4 Qd7 19. Ne6+ Kh8 20. Qh6 Rg8 21. Rb3 Qxe6 22. Rxe6 Rg7 23. Qe3 Nb6 24. Rxe7 Nxd5 25. Re8+ Rg8 26. Rxg8+ Rxg8 27. Qe6 Nc7 28. Qxf6+ Rg7 29. Rc3 Ne8 30. Rc8 h6 31. Rxe8+ Kh7 32. Qf8 g5 33. Qf5+ Rg6 34. Re7+ Kh8 35. Qf8+ Rg8 36. Qxh6# 1-0

[Event "36th National Sub Junior 2019"]
[Site "Tiruchengode"]
[Date "2019.07.10"]
[Round "3.1"]
[White "Shrija, K M"]
[Black "Divya Deshmukh"]
[Result "0-1"]
[ECO "B52"]
[WhiteElo "1535"]
[BlackElo "2373"]
[Annotator "NA"]
[PlyCount "90"]
[EventDate "2019.07.09"]
[EventCountry "IND"]
[SourceTitle "playchess.com"]
[Source "ChessBase"]
[SourceQuality "1"]
[TimeControl "5400+30"]

1. e4 c5 2. Nf3 d6 3. Bb5+ Bd7 4. Bxd7+ Qxd7 5. c4 g6 6. d4 cxd4 7. Nxd4 Bg7 8. Nc3 Nc6 9. Be3 Nf6 10. f3 O-O 11. O-O Rfd8 12. Qd3 Rac8 13. b3 e6 14. Rfd1 d5 15. Nxc6 bxc6 16. e5 dxc4 17. Qxc4 Nd5 18. Bg5 Bxe5 19. Bxd8 Qxd8 20. Rac1 Qb6+ 21. Kh1 Bxc3 22. Rxc3 Nxc3 23. Qxc3 Rd8 24. Rc1 Qf2 25. Qxc6 Qxa2 26. Qc7 Qd2 27. h3 a5 28. Ra1 Rd5 29. Rc1 h5 30. Qb8+ Rd8 31. Qc7 h4 32. Qc3 Qg5 33. Qc4 Rd5 34. Ra1 Qd8 35. Ra4 Rd1+ 36. Kh2 Qb8+ 37. Qf4 Qb6 38. Qxh4 Qg1+ 39. Kg3 Rd2 40. Qf6 Rxg2+ 41. Kf4 Qc1+ 42. Ke4 Re2+ 43. Kd4 Qe3+ 44. Kc4 Rc2+ 45. Kb5 Qxb3+ 0-1

[Event "36th National Sub Junior 2019"]
[Site "Tiruchengode"]
[Date "2019.07.10"]
[Round "3.2"]
[White "Jain Nityata"]
[Black "Tanvi, Vasudev Hadkonkar"]
[Result "1-0"]
[ECO "B51"]
[WhiteElo "2135"]
[BlackElo "1502"]
[Annotator "NA"]
[PlyCount "95"]
[EventDate "2019.07.09"]
[EventCountry "IND"]
[SourceTitle "playchess.com"]
[Source "ChessBase"]
[SourceQuality "1"]
[TimeControl "5400+30"]

1. e4 c5 2. Nf3 d6 3. Bb5+ Nd7 4. O-O a6 5. Bd3 g6 6. c3 Bg7 7. Bc2 e5 8. d4 Ne7 9. Be3 O-O 10. dxc5 dxc5 11. Qd6 Nc6 12. Bxc5 Nxc5 13. Qxc5 f5 14. Bb3+ Kh8 15. Nbd2 g5 16. Nc4 Qf6 17. Nb6 Rb8 18. Nd5 Qh6 19. Nd2 fxe4 20. Nxe4 Rf4 21. Nxf4 gxf4 22. Qd6 Bf5 23. Qxh6 Bxh6 24. Nd6 Bd3 25. Rfe1 Kg7 26. Nf7 e4 27. Nxh6 Kxh6 28. Bd5 Re8 29. Bxc6 bxc6 30. Rad1 Rb8 31. b3 Kg5 32. f3 Kf5 33. fxe4+ Bxe4 34. Rd4 Re8 35. b4 Re6 36. c4 Re5 37. a4 Bc2 38. Rxe5+ Kxe5 39. Rd2 Bb3 40. b5 Bxc4 41. b6 Bd5 42. b7 c5 43. b8=Q+ Ke4 44. Qe8+ Kf5 45. Rxd5+ Kf6 46. Qe5+ Kf7 47. Rd7+ Kf8 48. Qh8# 1-0

[Event "36th National Sub Junior 2019"]
[Site "Tiruchengode"]
[Date "2019.07.10"]
[Round "3.3"]
[White "Marium, Fatima"]
[Black "Mrudul Dehankar"]
[Result "0-1"]
[ECO "E17"]
[WhiteElo "1516"]
[BlackElo "2074"]
[Annotator "NA"]
[PlyCount "92"]
[EventDate "2019.07.09"]
[EventCountry "IND"]
[SourceTitle "playchess.com"]
[Source "ChessBase"]
[SourceQuality "1"]
[TimeControl "5400+30"]

1. d4 Nf6 2. Nf3 e6 3. g3 b6 4. Bg2 Bb7 5. O-O Be7 6. b3 O-O 7. Nbd2 c5 8. Bb2 d6 9. c4 Nbd7 10. Rc1 Qc7 11. Qc2 Rac8 12. Qb1 Qb8 13. Rfd1 Qa8 14. Qa1 Rfe8 15. Nf1 a6 16. Ne3 cxd4 17. Bxd4 Rc7 18. Bb2 Rec8 19. Ne1 Bf8 20. Bxb7 Qxb7 21. Nf3 Ne4 22. Nd2 Ng5 23. f3 f5 24. Ndf1 f4 25. Ng4 b5 26. h4 Nf7 27. cxb5 Qxb5 28. Kf2 Rc2 29. Re1 h5 30. Ngh2 Nde5 31. Rxc2 Rxc2 32. Bxe5 Nxe5 33. Kg1 Qc5+ 34. e3 fxe3 35. Rxe3 Rc1 36. Qb2 Qxe3+ 37. Kg2 Qc5 38. Qe2 Rc2 39. Nd2 g6 40. Nhf1 Bh6 41. f4 Qd5+ 42. Kg1 Rxa2 43. fxe5 Bxd2 44. exd6 Qxd6 45. Nxd2 Rxd2 46. Qf3 Qc5+ 0-1

[Event "36th National Sub Junior 2019"]
[Site "Tiruchengode"]
[Date "2019.07.10"]
[Round "3.4"]
[White "Jyothsna L"]
[Black "Nayanikaa, Muralidharan"]
[Result "1-0"]
[ECO "E12"]
[WhiteElo "1939"]
[BlackElo "1475"]
[Annotator "NA"]
[PlyCount "131"]
[EventDate "2019.07.09"]
[EventCountry "IND"]
[SourceTitle "playchess.com"]
[Source "ChessBase"]
[SourceQuality "1"]
[TimeControl "5400+30"]

1. d4 Nf6 2. Nf3 e6 3. c4 b6 4. Nc3 Bb7 5. Bg5 Be7 6. Qc2 h6 7. Bh4 c5 8. Rd1 Nc6 9. e3 O-O 10. Be2 a6 11. O-O d6 12. a3 cxd4 13. Nxd4 Rc8 14. Nxc6 Bxc6 15. e4 Qc7 16. Bg3 Rfd8 17. Rd4 Qb7 18. Bf3 b5 19. cxb5 axb5 20. Qe2 Ne8 21. Rb4 Nc7 22. Rd4 Ne8 23. Rfd1 Bf6 24. Rb4 Bxc3 25. bxc3 Qa8 26. Qb2 e5 27. Bg4 Rb8 28. f3 Nc7 29. Qa2 Na6 30. Rb2 Bd7 31. Bxd7 Rxd7 32. Bxe5 Qc6 33. Bd4 Ra8 34. Qb3 Rb7 35. Ra2 Nc5 36. Qc2 Na4 37. Rc1 Nb6 38. Qf2 Nc4 39. Qg3 g6 40. Qh4 Kh7 41. Qf6 Rg8 42. Rd1 Qe8 43. Qf4 Re7 44. Qh4 g5 45. Qg4 d5 46. Qf5+ Rg6 47. Qxd5 g4 48. Rf1 Rg5 49. e5 gxf3 50. Qxf3 Nxe5 51. Qe4+ Ng6 52. Qd3 Re1 53. Raf2 Kg8 54. Qh3 Rxf1+ 55. Kxf1 Qe4 56. Qc8+ Nf8 57. Kg1 Qb1+ 58. Rf1 Qg6 59. Qa8 h5 60. h3 Rg3 61. Bc5 Qg7 62. Bd4 Qg6 63. Re1 f6 64. Bc5 Qg7 65. Bxf8 Qxf8 66. Re8 1-0

[Event "36th National Sub Junior 2019"]
[Site "Tiruchengode"]
[Date "2019.07.10"]
[Round "3.5"]
[White "Koli, Isha"]
[Black "Dhyana Patel"]
[Result "1-0"]
[ECO "B35"]
[WhiteElo "1486"]
[BlackElo "1900"]
[Annotator "NA"]
[PlyCount "59"]
[EventDate "2019.07.09"]
[EventCountry "IND"]
[SourceTitle "playchess.com"]
[Source "ChessBase"]
[SourceQuality "1"]
[TimeControl "5400+30"]

1. e4 c5 2. Nf3 Nc6 3. d4 cxd4 4. Nxd4 g6 5. Nc3 Bg7 6. Be3 Nf6 7. Bc4 O-O 8. O-O Nxe4 9. Nxe4 d5 10. Nxc6 bxc6 11. Bd3 dxe4 12. Bxe4 Qa5 13. c3 Rb8 14. Qc2 c5 15. Rfd1 Be6 16. Bd5 Bg4 17. f3 Bf5 18. Qf2 Qb5 19. Rd2 c4 20. Bxa7 Rbd8 21. Qc5 Qxc5+ 22. Bxc5 Rd7 23. Be3 Rc8 24. Rad1 Rd6 25. Bf4 e5 26. Be3 Kf8 27. a4 Ke7 28. a5 Bd7 29. a6 Rxa6 30. Bb7 1-0

[Event "36th National Sub Junior 2019"]
[Site "Tiruchengode"]
[Date "2019.07.11"]
[Round "4.1"]
[White "Divya Deshmukh"]
[Black "Bristy Mukherjee"]
[Result "1-0"]
[ECO "B06"]
[WhiteElo "2373"]
[BlackElo "1862"]
[Annotator "RC"]
[PlyCount "89"]
[EventDate "2019.07.09"]
[EventCountry "IND"]
[TimeControl "5400+30"]

1. e4 g6 2. d4 Bg7 3. Nc3 d6 4. Bg5 h6 5. Be3 Nd7 6. f4 a6 7. a4 b6 8. Nf3 Bb7 9. Bd3 e5 10. O-O Ne7 11. Kh1 O-O 12. Qe2 c5 13. dxe5 dxe5 14. f5 Qc7 15. Nd2 Nf6 16. Nc4 Rad8 17. Rad1 gxf5 18. Nd2 f4 19. Bg1 Qc8 20. Nc4 Qc7 21. b4 Nd7 22. Rb1 Rb8 23. Rfd1 Rfd8 24. Bf2 Nf8 25. bxc5 bxc5 26. Nd2 Rd6 27. Bc4 Ne6 28. Bxe6 Rxe6 29. Nb3 Rc6 30. Nd5 Nxd5 31. exd5 Rd6 32. c4 Bc8 33. Nxc5 Rxb1 34. Rxb1 Bf8 35. Qxe5 Qd8 36. Ne4 Rg6 37. Qxf4 f5 38. Nd2 Bd6 39. Qf3 f4 40. c5 Be5 41. d6 Bf5 42. Qd5+ Re6 43. Re1 Qe8 44. d7 Qd8 45. Rxe5 1-0

[Event "36th National Sub Junior 2019"]
[Site "Tiruchengode"]
[Date "2019.07.11"]
[Round "4.2"]
[White "Bhagyashree Patil"]
[Black "Jain Nityata"]
[Result "1/2-1/2"]
[ECO "B13"]
[WhiteElo "1703"]
[BlackElo "2135"]
[Annotator "NA"]
[PlyCount "87"]
[EventDate "2019.07.09"]
[EventCountry "IND"]
[SourceTitle "playchess.com"]
[Source "ChessBase"]
[SourceQuality "1"]
[TimeControl "5400+30"]

1. e4 c6 2. d4 d5 3. exd5 cxd5 4. Bd3 Nc6 5. Nf3 Bg4 6. c3 Nf6 7. Bf4 e6 8. h3 Bh5 9. Nbd2 Bd6 10. Bxd6 Qxd6 11. O-O O-O 12. Qb3 Bg6 13. Bxg6 hxg6 14. a4 Rab8 15. Rfc1 Rfc8 16. Ne1 $11 Na5 17. Qa2 Nc4 18. Ndf3 Ne4 19. Rc2 Rc7 20. Nd3 Rbc8 21. Re2 a5 22. Nfe5 Nxe5 23. Nxe5 Nf6 24. Qb3 Nd7 25. Qb5 b6 26. Rae1 Nxe5 27. Rxe5 Rc4 28. R5e2 Qc6 29. Qxc6 R8xc6 30. Ra1 Rc7 31. Kf1 Rb7 32. Ke1 b5 33. axb5 Rxb5 34. Kd1 Kf8 35. Kc2 Ke7 36. Ree1 Rc6 37. Ra2 Rcb6 38. h4 Kd6 39. g3 Rb8 40. f4 Ke7 41. Re3 Kf6 42. Re5 Rh8 43. Ra3 Rhb8 44. Ra2 1/2-1/2

[Event "36th National Sub Junior 2019"]
[Site "Tiruchengode"]
[Date "2019.07.11"]
[Round "4.3"]
[White "Mrudul Dehankar"]
[Black "Rindhiya V"]
[Result "1-0"]
[ECO "C99"]
[WhiteElo "2074"]
[BlackElo "1573"]
[Annotator "NA"]
[PlyCount "83"]
[EventDate "2019.07.09"]
[EventCountry "IND"]
[SourceTitle "playchess.com"]
[Source "ChessBase"]
[SourceQuality "1"]
[TimeControl "5400+30"]

1. e4 e5 2. Nf3 Nc6 3. Bb5 a6 4. Ba4 Nf6 5. O-O Be7 6. Re1 b5 7. Bb3 O-O 8. h3 d6 9. c3 Na5 10. Bc2 c5 11. d4 Qc7 12. Nbd2 cxd4 13. cxd4 Nc6 14. Nb3 a5 15. Be3 a4 16. Nbd2 Nb4 17. Bb1 Be6 18. a3 Na6 19. Bd3 Bd7 20. Rc1 Qb8 21. Qe2 $16 exd4 22. Nxd4 Nc5 23. Bxb5 Bxb5 24. Nxb5 Ra5 25. Nd4 Ra8 26. e5 Nfd7 27. Nf5 Bd8 28. Nxd6 Bb6 29. N2c4 Ne6 30. Nxb6 Nxb6 31. Red1 Nc8 32. f4 Nxd6 33. Rxd6 g6 34. f5 gxf5 35. Qf2 Kh8 36. Qxf5 Qb7 37. Qf6+ Ng7 38. Bh6 Rg8 39. Rcd1 Qc7 40. Bxg7+ Rxg7 41. Rd8+ Rxd8 42. Rxd8+ 1-0

[Event "36th National Sub Junior 2019"]
[Site "Tiruchengode"]
[Date "2019.07.11"]
[Round "4.4"]
[White "Koli, Isha"]
[Black "Jyothsna L"]
[Result "0-1"]
[ECO "C06"]
[WhiteElo "1486"]
[BlackElo "1939"]
[Annotator "NA"]
[PlyCount "53"]
[EventDate "2019.07.09"]
[EventCountry "IND"]
[SourceTitle "playchess.com"]
[Source "ChessBase"]
[SourceQuality "1"]
[TimeControl "5400+30"]

1. e4 e6 2. d4 d5 3. Nd2 Nf6 4. e5 Nfd7 5. Bd3 c5 6. c3 Nc6 7. Ne2 cxd4 8. cxd4 f6 9. Nf4 Nxd4 10. Qh5+ Ke7 11. Ng6+ hxg6 12. exf6+ Nxf6 13. Qxh8 Kf7 14. Qh4 e5 15. O-O Be7 16. f3 Bf5 17. Bxf5 gxf5 18. Kh1 Qh8 19. Qxh8 Rd8 20. Qf8+ Rxf8 21. Rd1 Rh8 22. Nf1 f4 23. Bd2 Nc6 24. Rac1 Ke6 25. a3 a6 26. Be1 Nd7 27. Nd2 0-1

[Event "36th National Sub Junior 2019"]
[Site "Tiruchengode"]
[Date "2019.07.11"]
[Round "4.5"]
[White "Varsha Ramesh"]
[Black "Meenatchi Rajam V"]
[Result "1/2-1/2"]
[ECO "B81"]
[WhiteElo "1814"]
[BlackElo "1564"]
[Annotator "NA"]
[PlyCount "66"]
[EventDate "2019.07.09"]
[EventCountry "IND"]
[SourceTitle "playchess.com"]
[Source "ChessBase"]
[SourceQuality "1"]
[TimeControl "5400+30"]

1. e4 c5 2. Nf3 e6 3. d4 cxd4 4. Nxd4 Nf6 5. Nc3 d6 6. g4 Be7 7. g5 Nfd7 8. h4 a6 9. Be3 Qc7 10. Qd2 Nc6 11. O-O-O b5 12. f4 Bb7 13. Rg1 Nc5 14. Bg2 Na5 15. a3 e5 16. Kb1 exd4 17. Bxd4 Nc4 18. Qf2 Ne6 19. f5 Nxd4 20. Qxd4 f6 21. Bf3 O-O 22. Ne2 d5 23. exd5 Bc5 24. d6 Bxd4 25. dxc7 Bxf3 26. Rxd4 Bxe2 27. gxf6 Rxf6 28. Rd8+ Rf8 29. Rd7 Rf7 30. Rd8+ Rf8 31. Rd7 Rf7 32. Rd8+ Rf8 33. Rd7 Rf7 1/2-1/2

[Event "36th National Sub Junior 2019"]
[Site "Tiruchengode"]
[Date "2019.07.12"]
[Round "5.1"]
[White "Jyothsna L"]
[Black "Divya Deshmukh"]
[Result "1/2-1/2"]
[ECO "E21"]
[WhiteElo "1939"]
[BlackElo "2373"]
[Annotator "ChessBase"]
[PlyCount "69"]
[EventDate "2019.07.09"]
[EventCountry "IND"]
[SourceTitle "playchess.com"]
[Source "ChessBase"]
[SourceQuality "1"]
[TimeControl "5400+30"]

1. d4 Nf6 2. Nf3 e6 3. c4 Bb4+ 4. Bd2 Qe7 5. Nc3 O-O 6. Qc2 d6 7. a3 Bxc3 8. Bxc3 Nbd7 9. e3 b6 10. Bd3 Bb7 11. O-O e5 12. Nd2 g6 13. Rae1 Rae8 14. Qb1 Nh5 15. Be4 Bxe4 16. Qxe4 Qd8 17. dxe5 dxe5 18. Rd1 Nc5 19. Qc2 Qd3 20. Qxd3 Nxd3 21. Nb3 e4 22. Nc1 Nxc1 23. Rxc1 Rd8 24. Rfd1 f5 25. Be5 c6 26. Kf1 Ng7 27. Bxg7 Kxg7 28. Ke2 Kf6 29. b4 g5 30. Rxd8 Rxd8 31. Rd1 Rxd1 32. Kxd1 Ke5 33. Kd2 h5 34. a4 a5 35. c5 1/2-1/2

[Event "36th National Sub Junior 2019"]
[Site "Tiruchengode"]
[Date "2019.07.12"]
[Round "5.2"]
[White "Jain Nityata"]
[Black "Mrudul Dehankar"]
[Result "0-1"]
[ECO "B02"]
[WhiteElo "2135"]
[BlackElo "2074"]
[Annotator "NA"]
[PlyCount "82"]
[EventDate "2019.07.09"]
[EventCountry "IND"]
[SourceTitle "playchess.com"]
[Source "ChessBase"]
[SourceQuality "1"]
[TimeControl "5400+30"]

1. e4 Nf6 2. Nc3 d5 3. e5 d4 4. exf6 dxc3 5. fxe7 cxd2+ 6. Bxd2 Qxe7+ 7. Qe2 Bg4 8. Qxe7+ Bxe7 9. Be2 Bf5 10. O-O-O Nc6 11. Nf3 O-O-O 12. Bc4 f6 13. Be3 a6 14. Rhe1 Bd6 15. a3 Rhe8 16. Bd3 Bxd3 17. Rxd3 Na5 18. Nd2 f5 19. g3 f4 20. gxf4 Bxf4 21. Rxd8+ Kxd8 22. Nf1 Be5 23. Bg5+ Kc8 24. Kb1 Kd7 25. Nd2 h6 26. Nf3 Nc4 27. Nxe5+ Rxe5 28. Rxe5 Nxe5 29. Bf4 Nf3 30. h3 g5 31. Be3 Ng1 32. Kc1 Nxh3 33. Kd2 Ke6 34. Bd4 h5 35. Ke3 Nf4 36. f3 h4 37. Ke4 Ne2 38. Bh8 h3 39. Be5 Nf4 40. Bxf4 gxf4 41. Kxf4 h2 0-1